Washington Capitals vs Nashville Predators
Created - Saturday, December 2, 2023 at 06:56
Goals
|
| Washington Capitals |
2 |
0 |
0 |
2 |
| Nashville Predators |
0 |
1 |
2 |
3 |
|
Shots
|
| Washington Capitals |
7 |
14 |
12 |
33 |
| Nashville Predators |
10 |
11 |
13 |
34 |
|
1st period
1. Washington Capitals , Owen Tippett 9 (Erik Johnson 7, Drake Batherson 21) at 3:51
2. Washington Capitals , Brayden Point 39 (Brad Marchand 15, Jason Robertson 41) at 17:01
Penalties :
Patrick Maroon (NSH) for Hooking (Minor) at 12:00
2nd period
3. Nashville Predators , Cameron Hughes 1 (Rasmus Kupari 2) at 17:47
Penalties :
Dominik Kubalik (WSH) for Hooking (Minor) at 12:15
3rd period
4. Nashville Predators , Blake Wheeler 23 (Cale Makar 52) at 2:00
5. Nashville Predators , Rasmus Ristolainen 6 (Blake Wheeler 33) at 3:29 (SH)
Penalties :
Corey Perry (NSH) for Hooking (Minor) at 3:23, Dylan DeMelo (WSH) for Boarding (Minor) at 14:26
Goalie Stats
Jake Oettinger (WSH), 31 saves from 34 shots - (0.912), L, 25-25-7, 58:55 minutes
Kevin Lankinen (NSH), 31 saves from 33 shots - (0.939), W, 10-11-2, 60:00 minutes
Players Stats for Washington Capitals
Player Name G A P +/- PIM S H SB GA TA FO MP PP MP PK MP
------------------------------------------------------------------------------------
Alex Ovechkin 0 0 0 -1 0 3 2 0 1 0 0/0 18:45 2:15 0:00
Brad Marchand 0 1 1 1 0 2 1 0 0 0 1/1 19:08 0:00 2:14
Brayden Point 1 0 1 0 0 2 1 1 0 0 19/34 19:24 2:15 0:10
Cody Glass 0 0 0 0 0 1 0 0 0 0 0/0 7:28 0:00 0:00
David Savard 0 0 0 0 0 1 2 0 0 1 0/0 23:13 2:29 2:18
Dominik Kubalik 0 0 0 0 2 0 2 0 0 0 0/0 8:41 0:00 0:35
Drake Batherson 0 1 1 -1 0 3 0 0 1 1 0/0 10:32 0:00 0:00
Dylan DeMelo 0 0 0 -1 2 0 1 3 0 0 0/0 17:49 1:29 0:00
Erik Cernak 0 0 0 1 0 1 4 1 0 1 0/0 21:00 1:29 1:40
Erik Johnson 0 1 1 -1 0 1 1 1 0 0 0/0 18:01 0:00 1:40
Ian Cole 0 0 0 0 0 1 2 1 0 1 0/0 20:13 0:10 2:18
Jason Robertson 0 1 1 0 0 4 4 1 0 0 0/3 19:14 2:15 0:00
Jason Zucker 0 0 0 0 0 0 0 0 0 0 0/0 8:37 0:00 0:30
John Carlson 0 0 0 -1 0 2 0 0 1 1 0/0 19:44 2:19 0:00
Jordan Kyrou 0 0 0 0 0 5 0 0 1 0 0/0 18:11 1:43 0:00
Nick Foligno 0 0 0 -1 0 1 1 0 0 0 3/12 12:42 0:00 1:34
Nico Hischier 0 0 0 0 0 3 3 0 1 1 9/17 20:23 1:43 2:14
Owen Tippett 1 0 1 -1 0 3 3 0 0 0 0/1 12:55 1:43 0:39
Players Stats for Nashville Predators
Player Name G A P +/- PIM S H SB GA TA FO MP PP MP PK MP
------------------------------------------------------------------------------------
Alex Newhook 0 0 0 0 0 5 0 0 2 0 0/0 17:15 1:49 0:00
Alexander Alexeyev 0 0 0 -1 0 0 0 1 0 0 0/0 5:49 0:00 0:00
Blake Wheeler 1 1 2 0 0 2 2 1 1 1 12/24 19:00 2:09 2:08
Brett Leason 0 0 0 1 0 0 1 1 0 0 0/0 9:22 0:00 0:00
Cale Makar 0 1 1 1 0 6 1 3 1 2 0/0 25:28 2:28 2:21
Cameron Hughes 1 0 1 1 0 3 1 1 0 0 0/0 9:22 0:00 0:00
Corey Perry 0 0 0 -1 2 2 1 1 0 0 0/2 17:49 2:09 0:58
Ethan Bear 0 0 0 1 0 2 0 0 0 0 0/0 23:35 1:30 1:37
Kevin Labanc 0 0 0 -1 0 2 0 1 0 0 1/1 18:34 2:09 1:50
Nate Schmidt 0 0 0 1 0 1 0 2 2 1 0/0 26:29 1:30 1:37
Oliver Kylington 0 0 0 0 0 0 1 1 0 0 0/0 16:04 0:00 0:00
Patrick Maroon 0 0 0 0 2 0 1 1 0 0 1/1 12:51 0:00 0:19
Rasmus Kupari 0 1 1 1 0 0 1 1 0 0 4/5 9:22 0:00 0:00
Rasmus Ristolainen 1 0 1 0 0 5 2 2 0 1 0/0 22:35 2:28 2:21
Riley Nash 0 0 0 0 0 2 1 1 0 0 9/19 19:06 1:49 1:50
Ryan Carpenter 0 0 0 1 0 1 1 0 0 0 2/4 13:32 0:00 0:51
Sam Gagner 0 0 0 0 0 2 1 0 0 0 5/10 12:32 0:00 0:00
Zemgus Girgensons 0 0 0 0 0 1 0 0 0 0 2/2 17:15 1:49 0:00
3 Stars
1 - Blake Wheeler (NSH)
2 - Cameron Hughes (NSH)
3 - Rasmus Ristolainen (NSH)
Power Play
Washington Capitals - 0 on 2 Attempt(s) - 0.00%
Nashville Predators - 0 on 2 Attempt(s) - 0.00%
Penalty Kill
Washington Capitals - 2 on 2 Attempt(s) - 100.00%
- Score 0 goal in Penalty Kill
Nashville Predators - 2 on 2 Attempt(s) - 100.00%
- Score 1 goal in Penalty Kill
Team Stat
Washington Capitals - Hits : 27 - Faceoff Wins : 32 - Blocked Shots : 8 - Penalty Minutes : 4
Nashville Predators - Hits : 14 - Faceoff Wins : 36 - Blocked Shots : 17 - Penalty Minutes : 4
Official
Referees : Dan O'Halloran and Eric Furlatt
Linesman : Derek Nansen and Steve Miller
Game Notes
Alexander Alexeyev is injured at 2:01 of 2nd period (Sports Hernia)
Finance
Level 1 -- Attendance: 4308 (71.80%) -- Ticket Income $430,800
Level 2 -- Attendance: 3576 (71.52%) -- Ticket Income $214,560
Level 3 -- Attendance: 2073 (69.10%) -- Ticket Income $72,555
Level 4 -- Attendance: 3577 (71.54%) -- Ticket Income $89,425
Luxury Box -- Attendance: 713 (71.30%) -- Ticket Income $142,600
Game was played at the Bridgestone Arena.
Total Attendance: 14247 (71.24%)
Total Ticket Income: $949,940
Other Income: $332,479
Total Income: $1,282,419
Washington Capitals
5 vs 5 Forward
Center Left Wing Right Wing Time % Phy DF OF
1 Brayden Point Brad Marchand Jason Robertson 40 1 0 4
2 Nico Hischier Alex Ovechkin Jordan Kyrou 30 1 0 4
3 Nick Foligno Owen Tippett Drake Batherson 20 1 1 3
4 Cody Glass Dominik Kubalik Jason Zucker 10 1 1 3
5 vs 5 Defense
Defense Defense Time % Phy DF OF
1 Erik Cernak David Savard 35 2 3 0
2 John Carlson Ian Cole 35 2 3 0
3 Dylan DeMelo Erik Johnson 30 2 3 0
4 Erik Cernak David Savard 0 2 3 0
PowerPlay Forward
Center Left Wing Right Wing Time % Phy DF OF
1 Brayden Point Alex Ovechkin Jason Robertson 60 1 2 2
2 Nico Hischier Owen Tippett Jordan Kyrou 40 1 2 2
PowerPlay Defense
Defense Defense Time % Phy DF OF
1 John Carlson David Savard 60 1 2 2
2 Dylan DeMelo Erik Cernak 40 1 2 2
Penalty Kill 4 Players Forward
Center Wing Time % Phy DF OF
1 Nico Hischier Brad Marchand 60 1 2 2
2 Nick Foligno Owen Tippett 40 1 2 2
Penalty Kill 4 Players Defense
Defense Defense Time % Phy DF OF
1 David Savard Ian Cole 60 1 2 2
2 Erik Johnson Erik Cernak 40 1 2 2
Penalty Kill - 3 Players Forward
Forward Time % Phy DF OF
1 Nico Hischier 60 1 2 2
2 Nick Foligno 40 1 2 2
Penalty Kill - 3 Players Defense
Defense Defense Time % Phy DF OF
1 David Savard Ian Cole 60 1 2 2
2 Erik Johnson Erik Cernak 40 1 2 2
4 vs 4 Forward
Center Wing Time % Phy DF OF
1 Brayden Point Jason Robertson 60 1 2 2
2 Nico Hischier Alex Ovechkin 40 1 2 2
4 vs 4 Defense
Defense Defense Time % Phy DF OF
1 John Carlson David Savard 60 1 2 2
2 Erik Cernak Ian Cole 40 1 2 2
Last Minutes Offensive
Center Left Wing Right Wing Defense Defense
Brayden Point Alex Ovechkin Jason Robertson Dylan DeMelo John Carlson
Last Minutes Defensive
Center Left Wing Right Wing Defense Defense
Nico Hischier Brad Marchand Nick Foligno David Savard Ian Cole
Goaltenders
Starting : Jake Oettinger
Backup : Sergei Bobrovsky
Extra Forwards
Normal : Jordan Kyrou, Drake Batherson, Dominik Kubalik - PP : Owen Tippett, Brayden Point - PK : Dominik Kubalik
Extra Defensemen
Normal : Erik Johnson, John Carlson, Ian Cole - PP : David Savard - PK : Erik Cernak, David Savard
Penalty Shots
Jason Robertson, Drake Batherson, Brayden Point, Cody Glass, David Savard
Nashville Predators
5 vs 5 Forward
Center Left Wing Right Wing Time % Phy DF OF
1 Blake Wheeler Kevin Labanc Corey Perry 30 1 2 2
2 Riley Nash Alex Newhook Zemgus Girgensons 30 1 2 2
3 Sam Gagner Patrick Maroon Ryan Carpenter 25 1 2 2
4 Rasmus Kupari Cameron Hughes Brett Leason 15 1 2 2
5 vs 5 Defense
Defense Defense Time % Phy DF OF
1 Cale Makar Rasmus Ristolainen 35 1 2 2
2 Nate Schmidt Ethan Bear 35 1 2 2
3 Alexander Alexeyev Oliver Kylington 30 1 2 2
4 Cale Makar Rasmus Ristolainen 0 1 2 2
PowerPlay Forward
Center Left Wing Right Wing Time % Phy DF OF
1 Blake Wheeler Kevin Labanc Corey Perry 50 1 2 2
2 Riley Nash Alex Newhook Zemgus Girgensons 50 1 2 2
PowerPlay Defense
Defense Defense Time % Phy DF OF
1 Cale Makar Rasmus Ristolainen 50 1 2 2
2 Nate Schmidt Ethan Bear 50 1 2 2
Penalty Kill 4 Players Forward
Center Wing Time % Phy DF OF
1 Blake Wheeler Corey Perry 50 1 2 2
2 Kevin Labanc Riley Nash 50 1 2 2
Penalty Kill 4 Players Defense
Defense Defense Time % Phy DF OF
1 Cale Makar Rasmus Ristolainen 50 1 2 2
2 Nate Schmidt Ethan Bear 50 1 2 2
Penalty Kill - 3 Players Forward
Forward Time % Phy DF OF
1 Blake Wheeler 50 1 2 2
2 Corey Perry 50 1 2 2
Penalty Kill - 3 Players Defense
Defense Defense Time % Phy DF OF
1 Cale Makar Rasmus Ristolainen 50 1 2 2
2 Nate Schmidt Ethan Bear 50 1 2 2
4 vs 4 Forward
Center Wing Time % Phy DF OF
1 Blake Wheeler Corey Perry 50 1 2 2
2 Kevin Labanc Riley Nash 50 1 2 2
4 vs 4 Defense
Defense Defense Time % Phy DF OF
1 Cale Makar Rasmus Ristolainen 50 1 2 2
2 Nate Schmidt Ethan Bear 50 1 2 2
Last Minutes Offensive
Center Left Wing Right Wing Defense Defense
Blake Wheeler Kevin Labanc Corey Perry Cale Makar Rasmus Ristolainen
Last Minutes Defensive
Center Left Wing Right Wing Defense Defense
Blake Wheeler Kevin Labanc Corey Perry Cale Makar Rasmus Ristolainen
Goaltenders
Starting : Kevin Lankinen
Backup : Anthony Stolarz
Extra Forwards
Normal : Sam Gagner, Patrick Maroon, Ryan Carpenter - PP : Sam Gagner, Patrick Maroon - PK : Ryan Carpenter
Extra Defensemen
Normal : Alexander Alexeyev, Oliver Kylington, Nate Schmidt - PP : Alexander Alexeyev - PK : Oliver Kylington, Nate Schmidt
Penalty Shots
Blake Wheeler, Corey Perry, Kevin Labanc, Riley Nash, Alex Newhook
% Time on Ice - Washington Capitals
Lines # - Real PCT - Wanted PCT - Time Play
Normal Forward
1 - 34% - 40% - 17:39
2 - 32% - 30% - 16:28
3 - 20% - 20% - 10:29
4 - 14% - 10% - 7:28
Normal Defense
1 - 35% - 35% - 18:17
2 - 33% - 35% - 17:20
3 - 31% - 30% - 16:20
4 - 0% - 0% - 0:07
PP Forward
1 - 57% - 60% - 2:15
2 - 43% - 40% - 1:43
PP Defense
1 - 63% - 60% - 2:29
2 - 37% - 40% - 1:29
PK Forward
1 - 84% - 60% - 3:19
2 - 16% - 40% - 0:39
PK Defense
1 - 58% - 60% - 2:18
2 - 42% - 40% - 1:40
PK3 Forward
1 - 0% - 60%
2 - 0% - 40%
PK3 Defense
1 - 0% - 60%
2 - 0% - 40%
44 Forward
1 - 0% - 60%
2 - 0% - 40%
44 Defense
1 - 0% - 60%
2 - 0% - 40%
Last Minute Offensive - 0:00
Last Minute Defensive - 0:00
Total
Forward - 60:00
Defense - 60:00
|
% Time on Ice - Nashville Predators
Lines # - Real PCT - Wanted PCT - Time Play
Normal Forward
1 - 28% - 30% - 14:43
2 - 30% - 30% - 15:27
3 - 24% - 25% - 12:32
4 - 18% - 15% - 9:22
Normal Defense
1 - 31% - 35% - 16:15
2 - 36% - 35% - 18:48
3 - 33% - 30% - 17:01
4 - 0% - 0% - 0:00
PP Forward
1 - 54% - 50% - 2:09
2 - 46% - 50% - 1:49
PP Defense
1 - 62% - 50% - 2:28
2 - 38% - 50% - 1:30
PK Forward
1 - 54% - 50% - 2:08
2 - 46% - 50% - 1:50
PK Defense
1 - 59% - 50% - 2:21
2 - 41% - 50% - 1:37
PK3 Forward
1 - 0% - 50%
2 - 0% - 50%
PK3 Defense
1 - 0% - 50%
2 - 0% - 50%
44 Forward
1 - 0% - 50%
2 - 0% - 50%
44 Defense
1 - 0% - 50%
2 - 0% - 50%
Last Minute Offensive - 0:00
Last Minute Defensive - 0:00
Total
Forward - 60:00
Defense - 60:00
|
Play-by-Play
1st period
0:01 of 1st period - Blake Wheeler wins face-off versus Brayden Point in neutral zone.
0:26 of 1st period - Nico Hischier is hit by Rasmus Ristolainen and loses puck.
1:33 of 1st period - Ryan Carpenter is hit by Jason Robertson and loses puck.
1:44 of 1st period - Snap shot by Jason Robertson.
1:44 of 1st period - Shot Misses the Net.
1:58 of 1st period - Wrist shot by Alex Ovechkin.
1:58 of 1st period - Stopped by Kevin Lankinen with a rebound.
2:37 of 1st period - Slapshot by Cale Makar.
2:37 of 1st period - Shot Misses the Net.
2:39 of 1st period - Slapshot by Rasmus Ristolainen.
2:39 of 1st period - Deflect By John Carlson.
2:39 of 1st period - Stopped by Jake Oettinger without a rebound.
2:40 of 1st period - Riley Nash wins face-off versus Brayden Point in Washington Capitals zone.
2:53 of 1st period - Slapshot by Alex Newhook.
2:53 of 1st period - Stopped by Jake Oettinger without a rebound.
2:54 of 1st period - Brayden Point wins face-off versus Blake Wheeler in Washington Capitals zone.
3:03 of 1st period - Snap shot by Blake Wheeler.
3:03 of 1st period - Shot Misses the Net.
3:39 of 1st period - Icing by Drake Batherson.
3:40 of 1st period - Ryan Carpenter wins face-off versus Nick Foligno in Washington Capitals zone.
3:49 of 1st period - Snap shot by Owen Tippett.
3:49 of 1st period - Shot Misses the Net.
3:51 of 1st period - Slapshot by Erik Johnson.
3:51 of 1st period - Deflect By Owen Tippett.
3:51 of 1st period - Goal by Owen Tippett - Washington Capitals : 1 - Nashville Predators : 0.
3:52 of 1st period - Sam Gagner wins face-off versus Brayden Point in neutral zone.
3:55 of 1st period - Backhand shot by Cale Makar.
3:55 of 1st period - Stopped by Jake Oettinger without a rebound.
3:56 of 1st period - Brayden Point wins face-off versus Sam Gagner in Washington Capitals zone.
4:03 of 1st period - Snap shot by Jason Robertson.
4:03 of 1st period - Stopped by Kevin Lankinen with a rebound.
4:25 of 1st period - Snap shot by Cale Makar.
4:25 of 1st period - Stopped by Jake Oettinger with a rebound.
5:29 of 1st period - Wrist shot by Brayden Point.
5:29 of 1st period - Shot Misses the Net.
5:31 of 1st period - Snap shot by Jason Robertson.
5:31 of 1st period - Stopped by Kevin Lankinen with a rebound.
5:33 of 1st period - Snap shot by John Carlson.
5:33 of 1st period - Deflect By Brayden Point.
5:33 of 1st period - Shot Blocked by Alexander Alexeyev.
5:33 of 1st period - Puck is out of play.
5:34 of 1st period - Blake Wheeler wins face-off versus Nico Hischier in Nashville Predators zone.
5:34 of 1st period - Blake Wheeler is hit by Ian Cole.
5:39 of 1st period - Off-side.
5:40 of 1st period - Nico Hischier wins face-off versus Blake Wheeler in neutral zone.
5:53 of 1st period - Slapshot by Alex Ovechkin.
5:53 of 1st period - Shot Misses the Net.
5:55 of 1st period - Snap shot by Nico Hischier.
5:55 of 1st period - Shot Misses the Net.
6:07 of 1st period - Snap shot by Alex Newhook.
6:07 of 1st period - Shot Blocked by Ian Cole.
7:10 of 1st period - David Savard is hit by Corey Perry.
7:14 of 1st period - Rasmus Ristolainen is hit by Erik Cernak and loses puck.
7:35 of 1st period - Snap shot by Alex Newhook.
7:35 of 1st period - Shot Blocked by Erik Cernak.
7:39 of 1st period - Wrist shot by Zemgus Girgensons.
7:39 of 1st period - Deflect By Brad Marchand.
7:39 of 1st period - Shot Misses the Net.
7:39 of 1st period - Puck is out of play.
7:40 of 1st period - Brayden Point wins face-off versus Sam Gagner in Washington Capitals zone.
8:08 of 1st period - Off-side.
8:09 of 1st period - Nico Hischier wins face-off versus Riley Nash in neutral zone.
9:00 of 1st period - Wrist shot by Alex Ovechkin.
9:00 of 1st period - Deflect By Jordan Kyrou.
9:00 of 1st period - Shot Misses the Net.
9:00 of 1st period - Puck is out of play.
9:01 of 1st period - Brayden Point wins face-off versus Blake Wheeler in Nashville Predators zone.
9:10 of 1st period - Snap shot by Jason Robertson.
9:10 of 1st period - Stopped by Kevin Lankinen without a rebound.
9:11 of 1st period - Blake Wheeler wins face-off versus Brayden Point in Nashville Predators zone.
9:28 of 1st period - Snap shot by Brayden Point.
9:28 of 1st period - Shot Blocked by Blake Wheeler.
9:30 of 1st period - Slapshot by John Carlson.
9:30 of 1st period - Stopped by Kevin Lankinen without a rebound.
9:31 of 1st period - Nick Foligno wins face-off versus Ryan Carpenter in Nashville Predators zone.
9:56 of 1st period - Wrist shot by Brayden Point.
9:56 of 1st period - Shot Misses the Net.
10:16 of 1st period - Snap shot by Brayden Point.
10:16 of 1st period - Shot Misses the Net.
10:38 of 1st period - Slapshot by Cale Makar.
10:38 of 1st period - Shot Misses the Net.
10:40 of 1st period - Snap shot by Rasmus Ristolainen.
10:40 of 1st period - Stopped by Jake Oettinger with a rebound.
10:42 of 1st period - Slapshot by Rasmus Ristolainen.
10:42 of 1st period - Stopped by Jake Oettinger with a rebound.
10:44 of 1st period - Snap shot by Alex Newhook.
10:44 of 1st period - Shot Misses the Net.
10:46 of 1st period - Slapshot by Cale Makar.
10:46 of 1st period - Shot Misses the Net.
11:26 of 1st period - Snap shot by Jason Robertson.
11:26 of 1st period - Shot Blocked by Nate Schmidt.
12:00 of 1st period - Minor Penalty to Patrick Maroon for Hooking.
12:01 of 1st period - Brayden Point wins face-off versus Blake Wheeler in Nashville Predators zone.
12:26 of 1st period - Cale Makar is hit by Erik Cernak and loses puck.
14:00 of 1st period - Penalty to Patrick Maroon is over, Patrick Maroon is back on ice.
14:08 of 1st period - Wrist shot by Rasmus Kupari.
14:08 of 1st period - Deflect By Cameron Hughes.
14:08 of 1st period - Stopped by Jake Oettinger with a rebound.
14:30 of 1st period - Snap shot by Jason Zucker.
14:30 of 1st period - Deflect By Drake Batherson.
14:30 of 1st period - Shot Misses the Net.
14:30 of 1st period - Puck is out of play.
14:31 of 1st period - Ryan Carpenter wins face-off versus Nick Foligno in Nashville Predators zone.
14:38 of 1st period - Wrist shot by Sam Gagner.
14:38 of 1st period - Shot Blocked by Dylan DeMelo.
15:35 of 1st period - Wrist shot by Corey Perry.
15:35 of 1st period - Stopped by Jake Oettinger without a rebound.
15:36 of 1st period - Brayden Point wins face-off versus Ryan Carpenter in Washington Capitals zone.
16:03 of 1st period - Wrist shot by Alex Newhook.
16:03 of 1st period - Stopped by Jake Oettinger with a rebound.
16:05 of 1st period - Snap shot by Riley Nash.
16:05 of 1st period - Shot Misses the Net.
16:07 of 1st period - Snap shot by Riley Nash.
16:07 of 1st period - Shot Misses the Net.
16:09 of 1st period - Slapshot by Alexander Alexeyev.
16:09 of 1st period - Shot Blocked by Jason Robertson.
16:21 of 1st period - Snap shot by Corey Perry.
16:21 of 1st period - Shot Misses the Net.
16:43 of 1st period - Snap shot by Jason Robertson.
16:43 of 1st period - Shot Blocked by Rasmus Ristolainen.
16:55 of 1st period - Snap shot by Brayden Point.
16:55 of 1st period - Shot Misses the Net.
16:57 of 1st period - Snap shot by Jason Robertson.
16:57 of 1st period - Shot Misses the Net.
17:01 of 1st period - Snap shot by Brayden Point.
17:01 of 1st period - Goal by Brayden Point - Washington Capitals : 2 - Nashville Predators : 0.
17:02 of 1st period - Zemgus Girgensons wins face-off versus Nick Foligno in neutral zone.
17:07 of 1st period - Wrist shot by Riley Nash.
17:07 of 1st period - Shot Misses the Net.
17:17 of 1st period - Snap shot by Alex Newhook.
17:17 of 1st period - Stopped by Jake Oettinger with a rebound.
17:38 of 1st period - Snap shot by Alex Ovechkin.
17:38 of 1st period - Shot Blocked by Cale Makar.
17:59 of 1st period - Off-side.
18:00 of 1st period - Nick Foligno wins face-off versus Riley Nash in neutral zone.
19:14 of 1st period - Ethan Bear is hit by Owen Tippett and loses puck.
19:40 of 1st period - Jason Zucker is hit by Patrick Maroon and loses puck.
Goals for this period are 2 for Washington Capitals vs 0 for Nashville Predators.
Shots for this period are 7 for Washington Capitals vs 10 for Nashville Predators.
2nd period
0:01 of 2nd period - Riley Nash wins face-off versus Brayden Point in neutral zone.
0:26 of 2nd period - Alexander Alexeyev is hit by Owen Tippett and loses puck.
0:31 of 2nd period - Snap shot by Drake Batherson.
0:31 of 2nd period - Shot Blocked by Corey Perry.
0:33 of 2nd period - Slapshot by Drake Batherson.
0:33 of 2nd period - Stopped by Kevin Lankinen without a rebound.
0:34 of 2nd period - Sam Gagner wins face-off versus Nico Hischier in Nashville Predators zone.
0:34 of 2nd period - Sam Gagner is hit by Alex Ovechkin.
0:42 of 2nd period - Slapshot by Sam Gagner.
0:42 of 2nd period - Stopped by Jake Oettinger without a rebound.
0:43 of 2nd period - Nico Hischier wins face-off versus Sam Gagner in Washington Capitals zone.
0:56 of 2nd period - Snap shot by Cale Makar.
0:56 of 2nd period - Shot Misses the Net.
1:10 of 2nd period - Slapshot by Cale Makar.
1:10 of 2nd period - Stopped by Jake Oettinger without a rebound.
1:11 of 2nd period - Brayden Point wins face-off versus Riley Nash in Washington Capitals zone.
1:46 of 2nd period - Snap shot by Corey Perry.
1:46 of 2nd period - Shot Blocked by Dylan DeMelo.
1:48 of 2nd period - Slapshot by Nate Schmidt.
1:48 of 2nd period - Shot Misses the Net.
2:00 of 2nd period - Alexander Alexeyev is hit by Nico Hischier and loses puck.
2:01 of 2nd period - Alexander Alexeyev from Nashville Predators is injured at 2:01 of 2nd period (Sports Hernia).
2:02 of 2nd period - Brad Marchand wins face-off versus Riley Nash in Nashville Predators zone.
2:29 of 2nd period - Nick Foligno is hit by Blake Wheeler and loses puck.
2:56 of 2nd period - Wrist shot by Cameron Hughes.
2:56 of 2nd period - Shot Misses the Net.
3:14 of 2nd period - Wrist shot by Alex Newhook.
3:14 of 2nd period - Stopped by Jake Oettinger with a rebound.
4:07 of 2nd period - Snap shot by Owen Tippett.
4:07 of 2nd period - Shot Misses the Net.
4:16 of 2nd period - Icing by Dylan DeMelo.
4:17 of 2nd period - Rasmus Kupari wins face-off versus Owen Tippett in Washington Capitals zone.
5:04 of 2nd period - Ethan Bear is hit by Nico Hischier and loses puck.
5:09 of 2nd period - Snap shot by Nico Hischier.
5:09 of 2nd period - Shot Blocked by Brett Leason.
5:27 of 2nd period - Slapshot by Dominik Kubalik.
5:27 of 2nd period - Shot Blocked by Patrick Maroon.
5:37 of 2nd period - Nate Schmidt is hit by Dominik Kubalik and loses puck.
5:44 of 2nd period - David Savard is hit by Rasmus Ristolainen and loses puck.
6:05 of 2nd period - Dominik Kubalik is hit by Ryan Carpenter and loses puck.
7:07 of 2nd period - Wrist shot by Sam Gagner.
7:07 of 2nd period - Deflect By Ryan Carpenter.
7:07 of 2nd period - Stopped by Jake Oettinger without a rebound.
7:08 of 2nd period - Brayden Point wins face-off versus Blake Wheeler in Washington Capitals zone.
7:15 of 2nd period - Nate Schmidt is hit by Jason Robertson and loses puck.
7:53 of 2nd period - Slapshot by Drake Batherson.
7:53 of 2nd period - Deflect By Owen Tippett.
7:53 of 2nd period - Stopped by Kevin Lankinen without a rebound.
7:54 of 2nd period - Nick Foligno wins face-off versus Rasmus Kupari in Nashville Predators zone.
7:55 of 2nd period - Slapshot by Drake Batherson.
7:55 of 2nd period - Shot Blocked by Cameron Hughes.
7:57 of 2nd period - Slapshot by Ian Cole.
7:57 of 2nd period - Shot Misses the Net.
7:59 of 2nd period - Wrist shot by Ian Cole.
7:59 of 2nd period - Shot Misses the Net.
8:01 of 2nd period - Snap shot by Drake Batherson.
8:01 of 2nd period - Deflect By Owen Tippett.
8:01 of 2nd period - Stopped by Kevin Lankinen with a rebound.
8:19 of 2nd period - Ethan Bear is hit by Alex Ovechkin and loses puck.
8:26 of 2nd period - Jordan Kyrou is hit by Cameron Hughes and loses puck.
8:31 of 2nd period - Snap shot by Cameron Hughes.
8:31 of 2nd period - Deflect By Jordan Kyrou.
8:31 of 2nd period - Stopped by Jake Oettinger without a rebound.
8:32 of 2nd period - Brayden Point wins face-off versus Riley Nash in Washington Capitals zone.
8:47 of 2nd period - Slapshot by Jason Robertson.
8:47 of 2nd period - Deflect By Riley Nash.
8:47 of 2nd period - Shot Blocked by Oliver Kylington.
8:47 of 2nd period - Puck is out of play.
8:48 of 2nd period - Nico Hischier wins face-off versus Blake Wheeler in Nashville Predators zone.
8:49 of 2nd period - Snap shot by Alex Ovechkin.
8:49 of 2nd period - Deflect By Nico Hischier.
8:49 of 2nd period - Shot Blocked by Rasmus Ristolainen.
8:49 of 2nd period - Puck is out of play.
8:50 of 2nd period - Nico Hischier wins face-off versus Corey Perry in Nashville Predators zone.
9:41 of 2nd period - Wrist shot by Jordan Kyrou.
9:41 of 2nd period - Stopped by Kevin Lankinen without a rebound.
9:42 of 2nd period - Riley Nash wins face-off versus Brayden Point in Nashville Predators zone.
9:47 of 2nd period - Wrist shot by Jason Robertson.
9:47 of 2nd period - Stopped by Kevin Lankinen without a rebound.
9:48 of 2nd period - Riley Nash wins face-off versus Brayden Point in Nashville Predators zone.
9:48 of 2nd period - Riley Nash is hit by Jason Robertson.
10:14 of 2nd period - Slapshot by Rasmus Ristolainen.
10:14 of 2nd period - Stopped by Jake Oettinger with a rebound.
10:22 of 2nd period - Snap shot by Owen Tippett.
10:22 of 2nd period - Deflect By Drake Batherson.
10:22 of 2nd period - Stopped by Kevin Lankinen without a rebound.
10:23 of 2nd period - Blake Wheeler wins face-off versus Brayden Point in Nashville Predators zone.
10:54 of 2nd period - Slapshot by Zemgus Girgensons.
10:54 of 2nd period - Stopped by Jake Oettinger without a rebound.
10:55 of 2nd period - Riley Nash wins face-off versus Brayden Point in Washington Capitals zone.
10:58 of 2nd period - Wrist shot by Alex Newhook.
10:58 of 2nd period - Shot Misses the Net.
11:04 of 2nd period - Cale Makar is hit by Brad Marchand and loses puck.
11:21 of 2nd period - Oliver Kylington is hit by Nick Foligno and loses puck.
11:51 of 2nd period - Wrist shot by Sam Gagner.
11:51 of 2nd period - Shot Blocked by Erik Johnson.
11:53 of 2nd period - Slapshot by Nate Schmidt.
11:53 of 2nd period - Stopped by Jake Oettinger with a rebound.
12:15 of 2nd period - Minor Penalty to Dominik Kubalik for Hooking.
12:16 of 2nd period - Blake Wheeler wins face-off versus Nico Hischier in Washington Capitals zone.
13:03 of 2nd period - Snap shot by Nick Foligno.
13:03 of 2nd period - Stopped by Kevin Lankinen with a rebound.
13:05 of 2nd period - Snap shot by Owen Tippett.
13:05 of 2nd period - Shot Misses the Net.
13:07 of 2nd period - Slapshot by Ian Cole.
13:07 of 2nd period - Shot Misses the Net.
14:15 of 2nd period - Penalty to Dominik Kubalik is over, Dominik Kubalik is back on ice.
14:40 of 2nd period - Brett Leason is hit by Dominik Kubalik and loses puck.
14:49 of 2nd period - Snap shot by John Carlson.
14:49 of 2nd period - Shot Blocked by Rasmus Kupari.
14:53 of 2nd period - Slapshot by John Carlson.
14:53 of 2nd period - Stopped by Kevin Lankinen without a rebound.
14:54 of 2nd period - Brayden Point wins face-off versus Sam Gagner in Nashville Predators zone.
15:09 of 2nd period - Slapshot by Sam Gagner.
15:09 of 2nd period - Shot Misses the Net.
15:24 of 2nd period - Slapshot by Alex Ovechkin.
15:24 of 2nd period - Shot Misses the Net.
15:26 of 2nd period - Slapshot by John Carlson.
15:26 of 2nd period - Deflect By Alex Ovechkin.
15:26 of 2nd period - Shot Blocked by Cale Makar.
15:26 of 2nd period - Puck is out of play.
15:27 of 2nd period - Nico Hischier wins face-off versus Blake Wheeler in Nashville Predators zone.
15:28 of 2nd period - Snap shot by Jordan Kyrou.
15:28 of 2nd period - Stopped by Kevin Lankinen without a rebound.
15:29 of 2nd period - Nico Hischier wins face-off versus Blake Wheeler in Nashville Predators zone.
15:32 of 2nd period - Snap shot by Jordan Kyrou.
15:32 of 2nd period - Stopped by Kevin Lankinen with a rebound.
15:34 of 2nd period - Slapshot by David Savard.
15:34 of 2nd period - Shot Misses the Net.
15:36 of 2nd period - Slapshot by Jordan Kyrou.
15:36 of 2nd period - Stopped by Kevin Lankinen with a rebound.
15:38 of 2nd period - Slapshot by Erik Cernak.
15:38 of 2nd period - Shot Misses the Net.
15:40 of 2nd period - Wrist shot by Alex Ovechkin.
15:40 of 2nd period - Shot Blocked by Cale Makar.
15:44 of 2nd period - Wrist shot by Nico Hischier.
15:44 of 2nd period - Stopped by Kevin Lankinen without a rebound.
15:45 of 2nd period - Brayden Point wins face-off versus Riley Nash in Nashville Predators zone.
15:48 of 2nd period - Snap shot by Brad Marchand.
15:48 of 2nd period - Stopped by Kevin Lankinen without a rebound.
15:49 of 2nd period - Brayden Point wins face-off versus Riley Nash in Nashville Predators zone.
16:04 of 2nd period - David Savard is hit by Riley Nash and loses puck.
16:14 of 2nd period - Off-side.
16:15 of 2nd period - Blake Wheeler wins face-off versus Nick Foligno in neutral zone.
16:55 of 2nd period - Slapshot by Cale Makar.
16:55 of 2nd period - Deflect By Kevin Labanc.
16:55 of 2nd period - Stopped by Jake Oettinger without a rebound.
16:56 of 2nd period - Riley Nash wins face-off versus Jason Robertson in Washington Capitals zone.
17:45 of 2nd period - Icing by Drake Batherson.
17:46 of 2nd period - Rasmus Kupari wins face-off versus Nick Foligno in Washington Capitals zone.
17:47 of 2nd period - Snap shot by Cameron Hughes.
17:47 of 2nd period - Goal by Cameron Hughes - Washington Capitals : 2 - Nashville Predators : 1.
17:48 of 2nd period - Brayden Point wins face-off versus Blake Wheeler in neutral zone.
17:53 of 2nd period - Wrist shot by Blake Wheeler.
17:53 of 2nd period - Shot Misses the Net.
17:55 of 2nd period - Slapshot by Ethan Bear.
17:55 of 2nd period - Deflect By Kevin Labanc.
17:55 of 2nd period - Stopped by Jake Oettinger without a rebound.
17:56 of 2nd period - Blake Wheeler wins face-off versus Brayden Point in Washington Capitals zone.
17:59 of 2nd period - Wrist shot by Kevin Labanc.
17:59 of 2nd period - Shot Misses the Net.
18:29 of 2nd period - Snap shot by Owen Tippett.
18:29 of 2nd period - Shot Blocked by Riley Nash.
18:31 of 2nd period - Snap shot by Owen Tippett.
18:31 of 2nd period - Deflect By Drake Batherson.
18:31 of 2nd period - Shot Misses the Net.
18:31 of 2nd period - Puck is out of play.
18:32 of 2nd period - Blake Wheeler wins face-off versus Nico Hischier in Nashville Predators zone.
18:48 of 2nd period - Snap shot by Jordan Kyrou.
18:48 of 2nd period - Stopped by Kevin Lankinen with a rebound.
19:06 of 2nd period - Wrist shot by Brad Marchand.
19:06 of 2nd period - Shot Hit the Post.
19:08 of 2nd period - Snap shot by Jason Robertson.
19:08 of 2nd period - Shot Misses the Net.
19:25 of 2nd period - Icing by Owen Tippett.
19:26 of 2nd period - Patrick Maroon wins face-off versus Nick Foligno in Washington Capitals zone.
19:27 of 2nd period - Wrist shot by Ryan Carpenter.
19:27 of 2nd period - Shot Misses the Net.
Goals for this period are 0 for Washington Capitals vs 1 for Nashville Predators.
Shots for this period are 14 for Washington Capitals vs 11 for Nashville Predators.
3rd period
0:01 of 3rd period - Brayden Point wins face-off versus Riley Nash in neutral zone.
0:27 of 3rd period - Alex Ovechkin is hit by Blake Wheeler and loses puck.
0:52 of 3rd period - Off-side.
0:53 of 3rd period - Sam Gagner wins face-off versus Nick Foligno in neutral zone.
1:06 of 3rd period - Snap shot by Sam Gagner.
1:06 of 3rd period - Stopped by Jake Oettinger without a rebound.
1:07 of 3rd period - Riley Nash wins face-off versus Brayden Point in Washington Capitals zone.
1:17 of 3rd period - Riley Nash is hit by Brayden Point and loses puck.
1:36 of 3rd period - Snap shot by Nico Hischier.
1:36 of 3rd period - Stopped by Kevin Lankinen with a rebound.
1:38 of 3rd period - Slapshot by David Savard.
1:38 of 3rd period - Stopped by Kevin Lankinen with a rebound.
1:40 of 3rd period - Slapshot by Jordan Kyrou.
1:40 of 3rd period - Shot Misses the Net.
1:42 of 3rd period - Wrist shot by Nico Hischier.
1:42 of 3rd period - Stopped by Kevin Lankinen with a rebound.
1:44 of 3rd period - Slapshot by Erik Cernak.
1:44 of 3rd period - Shot Blocked by Nate Schmidt.
1:56 of 3rd period - Slapshot by Ethan Bear.
1:56 of 3rd period - Stopped by Jake Oettinger without a rebound.
1:57 of 3rd period - Blake Wheeler wins face-off versus Nick Foligno in Washington Capitals zone.
2:00 of 3rd period - Snap shot by Blake Wheeler.
2:00 of 3rd period - Goal by Blake Wheeler - Washington Capitals : 2 - Nashville Predators : 2.
2:01 of 3rd period - Brayden Point wins face-off versus Riley Nash in neutral zone.
2:04 of 3rd period - Riley Nash is hit by Dylan DeMelo and loses puck.
2:50 of 3rd period - Wrist shot by Riley Nash.
2:50 of 3rd period - Stopped by Jake Oettinger with a rebound.
3:13 of 3rd period - Slapshot by Dominik Kubalik.
3:13 of 3rd period - Shot Misses the Net.
3:15 of 3rd period - Slapshot by Ian Cole.
3:15 of 3rd period - Stopped by Kevin Lankinen with a rebound.
3:17 of 3rd period - Slapshot by Ian Cole.
3:17 of 3rd period - Shot Blocked by Kevin Labanc.
3:23 of 3rd period - Minor Penalty to Corey Perry for Hooking.
3:24 of 3rd period - Blake Wheeler wins face-off versus Brayden Point in Nashville Predators zone.
3:29 of 3rd period - Slapshot by Rasmus Ristolainen.
3:29 of 3rd period - Goal by Rasmus Ristolainen - Washington Capitals : 2 - Nashville Predators : 3.
3:30 of 3rd period - Kevin Labanc wins face-off versus Brayden Point in neutral zone.
3:47 of 3rd period - Snap shot by Brayden Point.
3:47 of 3rd period - Stopped by Kevin Lankinen with a rebound.
4:56 of 3rd period - Icing by Nico Hischier.
4:57 of 3rd period - Nico Hischier wins face-off versus Blake Wheeler in Washington Capitals zone.
5:23 of 3rd period - Penalty to Corey Perry is over, Corey Perry is back on ice.
5:24 of 3rd period - Rasmus Ristolainen is hit by Jason Robertson and loses puck.
5:41 of 3rd period - Snap shot by Cameron Hughes.
5:41 of 3rd period - Shot Misses the Net.
5:47 of 3rd period - Rasmus Ristolainen is hit by Erik Johnson and loses puck.
6:15 of 3rd period - Off-side.
6:16 of 3rd period - Sam Gagner wins face-off versus Nico Hischier in neutral zone.
6:24 of 3rd period - Sam Gagner is hit by Ian Cole and loses puck.
6:41 of 3rd period - Snap shot by Riley Nash.
6:41 of 3rd period - Stopped by Jake Oettinger without a rebound.
6:42 of 3rd period - Brayden Point wins face-off versus Riley Nash in Washington Capitals zone.
7:41 of 3rd period - Cameron Hughes is hit by Owen Tippett and loses puck.
8:14 of 3rd period - David Savard is hit by Cale Makar and loses puck.
8:19 of 3rd period - Wrist shot by Alex Newhook.
8:19 of 3rd period - Stopped by Jake Oettinger without a rebound.
8:20 of 3rd period - Brayden Point wins face-off versus Sam Gagner in Washington Capitals zone.
8:29 of 3rd period - Snap shot by Sam Gagner.
8:29 of 3rd period - Shot Misses the Net.
8:31 of 3rd period - Wrist shot by Ethan Bear.
8:31 of 3rd period - Stopped by Jake Oettinger without a rebound.
8:32 of 3rd period - Blake Wheeler wins face-off versus Jason Robertson in Washington Capitals zone.
8:41 of 3rd period - Slapshot by Kevin Labanc.
8:41 of 3rd period - Deflect By Blake Wheeler.
8:41 of 3rd period - Stopped by Jake Oettinger without a rebound.
8:42 of 3rd period - Brayden Point wins face-off versus Blake Wheeler in Washington Capitals zone.
8:58 of 3rd period - Off-side.
8:59 of 3rd period - Zemgus Girgensons wins face-off versus Nico Hischier in neutral zone.
9:14 of 3rd period - Snap shot by Cale Makar.
9:14 of 3rd period - Stopped by Jake Oettinger with a rebound.
10:14 of 3rd period - Slapshot by Cale Makar.
10:14 of 3rd period - Shot Blocked by Dylan DeMelo.
10:24 of 3rd period - Alex Ovechkin is hit by Brett Leason and loses puck.
11:07 of 3rd period - Snap shot by Cody Glass.
11:07 of 3rd period - Stopped by Kevin Lankinen without a rebound.
11:08 of 3rd period - Sam Gagner wins face-off versus Brayden Point in Nashville Predators zone.
11:37 of 3rd period - Slapshot by Alex Ovechkin.
11:37 of 3rd period - Stopped by Kevin Lankinen with a rebound.
11:59 of 3rd period - Slapshot by Drake Batherson.
11:59 of 3rd period - Deflect By Nick Foligno.
11:59 of 3rd period - Shot Misses the Net.
11:59 of 3rd period - Puck is out of play.
12:00 of 3rd period - Riley Nash wins face-off versus Nick Foligno in Nashville Predators zone.
12:26 of 3rd period - Snap shot by Drake Batherson.
12:26 of 3rd period - Stopped by Kevin Lankinen without a rebound.
12:27 of 3rd period - Blake Wheeler wins face-off versus Jason Robertson in Nashville Predators zone.
12:27 of 3rd period - Blake Wheeler is hit by David Savard.
12:33 of 3rd period - Slapshot by Corey Perry.
12:33 of 3rd period - Stopped by Jake Oettinger without a rebound.
12:34 of 3rd period - Brayden Point wins face-off versus Corey Perry in Washington Capitals zone.
12:41 of 3rd period - Snap shot by Brad Marchand.
12:41 of 3rd period - Stopped by Kevin Lankinen with a rebound.
13:00 of 3rd period - Nate Schmidt is hit by Erik Cernak and loses puck.
13:15 of 3rd period - Sam Gagner is hit by Nico Hischier and loses puck.
14:20 of 3rd period - Snap shot by Kevin Labanc.
14:20 of 3rd period - Shot Misses the Net.
14:26 of 3rd period - Minor Penalty to Dylan DeMelo for Boarding.
14:27 of 3rd period - Nico Hischier wins face-off versus Blake Wheeler in Washington Capitals zone.
14:38 of 3rd period - Slapshot by Cale Makar.
14:38 of 3rd period - Stopped by Jake Oettinger with a rebound.
14:40 of 3rd period - Wrist shot by Cale Makar.
14:40 of 3rd period - Stopped by Jake Oettinger without a rebound.
14:41 of 3rd period - Riley Nash wins face-off versus Nico Hischier in Washington Capitals zone.
15:00 of 3rd period - Rasmus Ristolainen is hit by David Savard and loses puck.
16:26 of 3rd period - Penalty to Dylan DeMelo is over, Dylan DeMelo is back on ice.
16:39 of 3rd period - John Carlson is hit by Sam Gagner and loses puck.
16:51 of 3rd period - Off-side.
16:52 of 3rd period - Rasmus Kupari wins face-off versus Brayden Point in neutral zone.
17:19 of 3rd period - Ryan Carpenter is hit by Erik Cernak and loses puck.
17:40 of 3rd period - Brad Marchand is hit by Oliver Kylington and loses puck.
17:45 of 3rd period - Slapshot by Riley Nash.
17:45 of 3rd period - Shot Misses the Net.
17:47 of 3rd period - Slapshot by Rasmus Ristolainen.
17:47 of 3rd period - Shot Blocked by Brayden Point.
17:49 of 3rd period - Wrist shot by Riley Nash.
17:49 of 3rd period - Shot Misses the Net.
18:18 of 3rd period - Slapshot by Erik Johnson.
18:18 of 3rd period - Stopped by Kevin Lankinen with a rebound.
18:20 of 3rd period - Snap shot by Erik Cernak.
18:20 of 3rd period - Stopped by Kevin Lankinen without a rebound.
18:21 of 3rd period - Rasmus Kupari wins face-off versus Nico Hischier in Nashville Predators zone.
18:46 of 3rd period - David Savard is hit by Rasmus Kupari and loses puck.
18:55 of 3rd period - Washington Capitals, Jake Oettinger is pulled from the net.
18:55 of 3rd period - Slapshot by Alex Ovechkin.
18:55 of 3rd period - Shot Misses the Net.
19:59 of 3rd period - Snap shot by Jordan Kyrou.
19:59 of 3rd period - Deflect By Alex Ovechkin.
19:59 of 3rd period - Stopped by Kevin Lankinen with a rebound.
Goals for this period are 0 for Washington Capitals vs 2 for Nashville Predators.
Shots for this period are 12 for Washington Capitals vs 13 for Nashville Predators.
Back to the Top